 Dungeon Crawl Stone Soup version 0.29.0-15-g675c0067aa (webtiles) character file.

Game seed: 15948828589180369199

1 qw the Sneak (level 1, -2/14 HPs)
             Began as a Gargoyle Delver on Sept 11, 2022.
             Slain by a bullfrog (3 damage)
             ... on level 4 of the Dungeon.
             The game lasted 00:00:01 (19 turns).

qw the Sneak (Gargoyle Delver)                        Turns: 19, Time: 00:00:01

Health: -2/14      AC:  5    Str: 15    XL:     1   Next: 20%
Magic:  1/1        EV: 11    Int: 10    God:
Gold:   0          SH:  0    Dex: 11    Spells: 0/0 levels left

rFire   . . .      SeeInvis .   a - +0 hand axe
rCold   . . .      Faith    .   (no shield)
rNeg    + . .      Spirit   .   b - +0 leather armour
rPois   inf        Reflect  .   (no helmet)
rElec   +          Harm     .   (no cloak)
rCorr   .          Rampage  .   (no gloves)
Will    .....                   (no boots)
Stlth   +++.......              (no amulet)
HPRegen 0.04/turn               (no ring)
MPRegen 0.07/turn               (no ring)

@: no status effects
A: sickness immunity, AC +2, negative energy resistance 1, electricity
resistance, torment resistance 1, petrification resistance
a: no special abilities


You were on level 4 of the Dungeon.
You visited 1 branch of the dungeon, and saw 2 of its levels.


Innate Abilities, Weirdness & Mutations

You are immune to sickness and miasma.
Your stone body is resilient. (AC +2)
You are immune to poison.
You resist negative energy. (rN+)
You are resistant to electric shocks. (rElec)
You are resistant to unholy torment.
You are immune to petrification.


   Skills:
 - Level 3.2 Fighting
 + Level 1.9 Axes
 - Level 1.5 Dodging
 - Level 5.4 Stealth


You couldn't memorise any spells.
You didn't know any spells.
Your spell library was empty.

Inventory:

Hand Weapons
 a - a +0 hand axe (weapon)
Armour
 b - a +0 leather armour (worn)
Wands
 g - a wand of digging (3)
Potions
 f - a potion of haste

Dungeon Overview and Level Annotations

Branches:
Dungeon (5/15)
 Temple: D:4-7

Altars:


Message History

Welcome, qw the Gargoyle Delver.
It is said that the Orb of Zot exists deep within this dungeon.
Press ? for a list of commands and other information.
Found 8 gold pieces and 6 stones.
Found a stone staircase leading down.
Assign waypoint to what number? (0-9) Waypoint 2 assigned to D:5.
Enter note:
0 ||| PLANNING D:1-11
Found a stone staircase leading up.
1 ||| DROPPING scroll of fog.
You drop a scroll of fog.
2 ||| DROPPING scroll of magic mapping.
You drop a scroll of magic mapping.
3 ||| DROPPING scroll of fear.
You drop a scroll of fear.
(D) Dungeon
Where to? (* - list waypoints, ? - help)
What level of the Dungeon? (default 1, ? - help)
You see here 6 stones.
There is a stone staircase leading up here.
You climb upwards.
Found a broad axe.
There is a stone staircase leading down here.
There are monsters nearby!
Existing waypoints: (2) D:5 Assign waypoint to what number? (0-9, D - delete waypoint) Waypoint 1 assigned to D:4.
Found 2 stones.
The helpless bullfrog fails to defend itself.
You slash the bullfrog!
The bullfrog is moderately wounded.
The helpless goblin fails to defend itself.
You slash the goblin!
You kill the goblin!
The bullfrog hits you. The bullfrog closely misses you.
You miss the bullfrog.
The bullfrog is moderately wounded.
The bullfrog hits you. x2
You hit the bullfrog.
The bullfrog is heavily wounded.
The bullfrog hits you.
You die...

.# .# .# .#
####.## #.....#
#########...).#
#......>...@F.#
#.#######..)..#
#.........
###........
#(.......
#.#.##### #.#.#
..#.#


You could see a bullfrog.

Vanquished Creatures
  A goblin (D:4)
1 creature vanquished.

Notes
Turn   | Place    | Note
-------+----------+-------------------------------------------
     0 | D:5      | qw the Gargoyle Delver began the quest for the Orb.
     0 | D:5      | Reached XP level 1. HP: 14/14 MP: 1/1
     0 | D:5      | 0 ||| qw: Version: 0.1-a-117-gfe26ee0
     0 | D:5      | 0 ||| qw: Game counter: 9917
     0 | D:5      | 0 ||| qw: Always use a shield: true
     0 | D:5      | 0 ||| qw: God list: Okawaru
     0 | D:5      | 0 ||| qw: Allow faded altars: false
     0 | D:5      | 0 ||| qw: Do Orc after D:15 true
     0 | D:5      | 0 ||| qw: Do second Lair branch before Depths: true
     0 | D:5      | 0 ||| qw: Lair rune preference: random
     0 | D:5      | 0 ||| qw: Plans: Normal
     0 | D:5      | 0 ||| PLANNING D:1-11
     1 | D:5      | 1 ||| DROPPING scroll of fog.
     2 | D:5      | 2 ||| DROPPING scroll of magic mapping.
     3 | D:5      | 3 ||| DROPPING scroll of fear.
    12 | D:4      | Noticed a bullfrog
    18 | D:4      | HP: 1/14 [bullfrog (3)]
    19 | D:4      | Slain by a bullfrog

Levels and vault maps discovered:
D:4:      layout_loops_ring, mainiacjoe_overflow_catwalk_spiral,
          pf_guarded_unrand_meek
D:5:      layout_cave_pods, minitemple, minmay_temple_entry_hall,
          uniq_eustachio, uniq_duvessa

Action                   || total
-------------------------++-------
Melee: Hand axe          ||     3
 Stab: Sleeping          ||     2
Dodge: Dodged            ||     1

Table legend:
 A = Non-vault XP
 B = Vault XP
 C = Vault XP percentage of total XP
 D = Non-vault monster count
 E = Vault monster count
 F = Vault count percentage of total count
                 A         B        C        D         E       F
            +---------+---------+-------+---------+---------+-------
      Total |       2 |       0 |   0.0 |       1 |       0 |   0.0
            +---------+---------+-------+---------+---------+-------
        D:4 |       2 |       0 |   0.0 |       1 |       0 |   0.0
            +---------+---------+-------+---------+---------+-------
